 Dungeon Crawl Stone Soup version 0.28.0 (webtiles) character file.

Game seed: 12591418459234846741

3206 bande the Chopper (level 9, -1/55 HPs)
             Began as a Gargoyle Fighter on Feb 13, 2022.
             Was an Elder of Okawaru.
             Slain by a centaur (9 damage)
             ... on level 8 of the Dungeon.
             The game lasted 00:13:04 (8740 turns).

bande the Chopper (Gargoyle Fighter)                Turns: 8740, Time: 00:13:05

Health: -1/55      AC: 22    Str: 20    XL:     9   Next: 97%
Magic:  13/13      EV:  4    Int:  9    God:    Okawaru [****..]
Gold:   377        SH: 11    Dex: 13    Spells: 8/8 levels left

rFire   + . .      SeeInvis .   a - +1 war axe
rCold   . . .      Faith    .   i - +1 kite shield
rNeg    + . .      Spirit   .   m - +0 plate armour
rPois   ∞          Reflect  .   (no helmet)
rElec   +          Harm     .   (no cloak)
rCorr   .          Rampage  .   (no gloves)
Will    ++...                   o - +2 pair of boots "Eweschioh" {rF+}
Stlth   ..........              (no amulet)
HPRegen 0.18/turn               b - ring of willpower
MPRegen 0.13/turn               c - ring of willpower

@: no status effects
A: sickness immunity, AC +6, negative energy resistance 1, electricity
resistance, torment resistance 1, petrification resistance
a: Renounce Religion, Heroism, Finesse


You were on level 8 of the Dungeon.
You worshipped Okawaru.
Okawaru was greatly pleased with you.
You visited 1 branch of the dungeon, and saw 8 of its levels.
You also visited: Sewer.

You collected 387 gold pieces.
You spent 10 gold pieces at shops.

Inventory:

Hand Weapons
 a - a +1 war axe (weapon)
 f - a +0 flail
Armour
 i - a +1 kite shield (worn)
 m - a +0 plate armour (worn)
 o - the +2 pair of boots "Eweschioh" (worn) {rF+}
   (You found it on level 4 of the Dungeon)

   rF:        It protects you from fire.
Jewellery
 b - a ring of willpower (left hand)
 c - a ring of willpower (right hand)
 u - a ring of resist corrosion
Wands
 q - a wand of acid (11)
 t - a wand of digging (5)
Potions
 d - 3 potions of might
 e - 2 potions of mutation
 g - a potion of magic
 h - a potion of haste
 k - a potion of invisibility
 n - a potion of cancellation
 r - 2 potions of resistance
 s - a potion of brilliance
Miscellaneous
 l - a lightning rod (4/4)


   Skills:
 + Level 5.9 Fighting
 + Level 7.4 Axes
 + Level 6.5 Armour
 - Level 0.2 Dodging
 + Level 6.3 Shields
 * Level 5.7 Invocations
 * Level 4.1 Evocations


You had 8 spell levels left.
You didn't know any spells.
Your spell library contained the following spells:

 Spells                   Type           Power      Damage    Failure   Level
 Passage of Golubria      Tloc           0%         N/A       100%        4
 Yara's Violent Unravell  Hex/Tmut       0%         3d3       100%        5
 Tukima's Dance           Hex            Unusable   N/A       N/A         3

Dungeon Overview and Level Annotations

Branches:
Dungeon (8/15)             Temple (0/1) D:7           Sewer (visited)
   Lair: D:8-11

Altars:
Cheibriados
Elyvilon
Fedhas
Okawaru
Sif Muna
Uskayaw
Wu Jian
The Shining One

Shops:
D:3 ***   D:6 :


Innate Abilities, Weirdness & Mutations

You are immune to sickness and miasma.
Your stone body is resilient. (AC +6)
You are immune to poison.
You resist negative energy. (rN+)
You are resistant to electric shocks. (rElec)
You are resistant to unholy torment.
You are immune to petrification.


Message History

You hear a twanging sound.
An arrow appears from out of thin air!
The arrow hits you.
The ice beast hits you but does no damage.
You hit the ice beast.
The ice beast is heavily wounded.
You block the ice beast's attack.
Unknown command.
You slash the ice beast!
The ice beast is almost dead.
You closely miss something. Something hits you but does no damage.
You block something's attack. You block the ice beast's attack.
Something hits you. Something kicks you but does no damage.
Unknown command.
You barely miss the ice beast.
The ice beast is almost dead.
You barely miss something. You block something's attack.
Something kicks you but does no damage.
The ice beast hits you but does no damage.
Something hits you! Something kicks you but does no damage.
Unknown command.
You barely miss something. You closely miss the ice beast.
Something hits you but does no damage. Something kicks you but does no damage.
You block the ice beast's attack. Something hits you but does no damage.
Something kicks you but does no damage.
The ice beast hits you but does no damage.
Unknown command.
You slash something! You hit the ice beast.
You kill the ice beast!
Okawaru accepts your kill. Something hits you!
* * * LOW HITPOINT WARNING * * *
x2 Something kicks you but does no damage.
You block something's attack. Something kicks you but does no damage.
You hit something. Something hits you.
* * * LOW HITPOINT WARNING * * *
x2 Something kicks you but does no damage.
You block something's attack. Something kicks you but does no damage.
Unknown command.
You feel better. Something hits you!
You die...

#........ # #.......# #
#.......# # # #.......# .#
## #.# #......###.#.
.###### #...##............
......######....{..........
....<..........:@.........
#####(.#######...$........
## ##<#######.......####
...###......##.......#
.....÷................#
#####...<...##...........
##......##############
#......# ########


There were no monsters in sight!

Vanquished Creatures
  2 hornets
  Sigmund (D:5)
  A steam dragon (D:8)
  Menkaure (D:7)
  A water moccasin (D:7)
  A hornet zombie (D:6)
  2 ice beasts
  A sky beast (D:7)
  A black bear (D:6)
  A necrophage (D:8)
  An ogre (D:5)
  3 centaurs
  2 phantoms
  A kobold brigand (D:6)
  4 bullfrogs
  3 scorpions
  4 howler monkeys
  2 centaur zombies
  2 centaur skeletons (D:7)
  2 hounds
  A jelly (D:5)
  2 bullfrog skeletons (D:6)
  3 iguanas
  Terence (D:2)
  A hound skeleton (D:4)
  3 gnolls (D:6)
  A howler monkey skeleton (D:5)
  11 adders
  A shadow imp (D:7)
  An ufetubus (D:5)
  3 worms
  4 dart slugs
  7 orcs
  14 endoplasms
  10 giant cockroaches
  6 goblins
  3 hobgoblins
  6 jackals
  11 quokkas
  17 ball pythons
  8 bats
  4 frilled lizards
  13 kobolds
  6 rats
173 creatures vanquished.

Vanquished Creatures (others)
  6 plants (D:2)
6 creatures vanquished.

Grand Total: 179 creatures vanquished

Notes
Turn   | Place    | Note
-------+----------+-------------------------------------------
     0 | D:1      | bande the Gargoyle Fighter began the quest for the Orb.
     0 | D:1      | Reached XP level 1. HP: 14/14 MP: 1/1
   357 | D:1      | Reached XP level 2. HP: 18/19 MP: 2/2
   528 | D:1      | Found a faded altar of an unknown god.
   556 | D:1      | Reached skill level 2 in Axes
   743 | D:2      | Noticed Terence
   757 | D:2      | Killed Terence
   758 | D:2      | Reached XP level 3. HP: 4/24 MP: 3/3
  1226 | D:2      | Reached XP level 4. HP: 29/29 MP: 4/4
  1253 | D:2      | Found an iron altar of Okawaru.
  1261 | D:2      | Became a worshipper of Warmaster Okawaru
  1796 | D:3      | Found Jomeuts's General Store.
  1923 | D:3      | Found a glowing drain.
  1938 | D:3      | Reached skill level 1 in Invocations
  1943 | D:3      | Reached XP level 5. HP: 27/33 MP: 5/5
  1950 | Sewer    | Entered a sewer
  2030 | Sewer    | Reached skill level 3 in Axes
  2475 | Sewer    | Reached XP level 6. HP: 32/38 MP: 7/7
  2480 | Sewer    | Reached * piety under Okawaru
  2598 | D:3      | Found Hanew's General Store.
  2601 | D:3      | Bought a potion of degeneration for 10 gold pieces
  2774 | D:3      | Found Vainyg's General Store.
  2872 | D:3      | Reached skill level 4 in Axes
  3091 | D:4      | Reached XP level 7. HP: 44/44 MP: 8/8
  3436 | D:4      | Identified the +2 pair of boots "Eweschioh" {rF+}
  3605 | D:5      | Entered Level 5 of the Dungeon
  3830 | D:5      | Noticed Sigmund
  3843 | D:5      | Killed Sigmund
  3843 | D:5      | Reached ** piety under Okawaru
  3844 | D:5      | Reached skill level 1 in Evocations
  4570 | D:5      | Found a hide-covered altar of Uskayaw.
  4990 | D:5      | Reached skill level 5 in Axes
  4990 | D:5      | Reached XP level 8. HP: 7/48 MP: 10/10
  5482 | D:5      | Reached skill level 5 in Armour
  5569 | D:5      | Reached skill level 5 in Shields
  6079 | D:6      | Found a glowing golden altar of the Shining One.
  6096 | D:6      | Reached skill level 5 in Fighting
  6244 | D:6      | Found Koruoske's Book Emporium.
  6607 | D:6      | Reached skill level 6 in Axes
  6990 | D:6      | Found an iron altar of Okawaru.
  6997 | D:6      | Found a shimmering blue altar of Sif Muna.
  6998 | D:6      | Found a white marble altar of Elyvilon.
  7000 | D:6      | Found a blossoming altar of Fedhas.
  7000 | D:6      | Found an ornate altar of the Wu Jian Council.
  7001 | D:6      | Found a snail-covered altar of Cheibriados.
  7058 | D:7      | Reached XP level 9. HP: 51/54 MP: 12/12
  7200 | D:7      | Reached *** piety under Okawaru
  7316 | D:7      | Noticed a hornet
  7345 | D:7      | Killed a hornet
  7346 | D:7      | Reached skill level 5 in Invocations
  7709 | D:7      | Found a staircase to the Ecumenical Temple.
  7785 | D:7      | Noticed Menkaure
  8034 | D:7      | Killed Menkaure
  8327 | D:8      | Reached skill level 7 in Axes
  8449 | D:8      | Noticed a hornet
  8464 | D:8      | Killed a hornet
  8464 | D:8      | Reached **** piety under Okawaru
  8729 | D:8      | Identified the +9 quarterstaff of the Horn {vorpal, rPois
                  | rC- Will++ Str+4}
  8739 | D:8      | HP: 2/55 [something (1)]
  8740 | D:8      | Slain by a centaur

Illustrated notes

Levels and vault maps discovered:
D:1:      evilmike_arrival_crescent, layout_basic, basic_ecumenical_altar,
          skrybe_limestone_x
D:2:      layout_loops_ring, basic_altar, serial_bayou_pond_b, uniq_terence
D:3:      layout_rooms, serial_shops, nicolae_shop_behind_doors,
          nicolae_shop_hallway_plus, nicolae_shop_advertising_works
          [nicolae_subvault_shop_adworks], portal_sewer_entry_f,
          item_on_display_a
D:4:      layout_cave_pools
D:5:      layout_loops_ring, mainiacjoe_overflow_24_doors, uniq_sigmund
D:6:      layout_cave_pools, nicolae_overflow_hallway_of_the_gods, serial_shops,
          shop
D:7:      layout_basic, temple_statues, corexii_item_surrounded_by_moat,
          uniq_menkaure
D:8:      layout_rooms, lair_entry_dummy, minmay_fractal_squares_gapless_5

Skill      XL: |  1  2  3  4  5  6  7  8  9 |
---------------+----------------------------+-----
Axes           | 2 3 4 5 6 7 |  7.4
Armour         | 4 5 6 |  6.5
Fighting       | 4 5 |  5.9
Invocations    | 1 2 3 4 5 |  5.7
Shields        | 4 5 6 |  6.3
Evocations     | 1 2 4 |  4.1
Dodging        | |  0.2

Action                   |  1- 3 |  4- 6 |  7- 9 || total
-------------------------+-------+-------+-------++-------
Melee: War axe           |    63 |   226 |   336 ||   625
  Use: Scroll            |     1 |     5 |    10 ||    16
       Potion            |       |       |     2 ||     2
Armor: Scale mail        |    22 |       |       ||    22
       Chain mail        |    15 |   165 |       ||   180
       Plate armour      |       |    48 |   378 ||   426
Dodge: Dodged            |    35 |    59 |    84 ||   178
Block: Buckler           |    18 |       |       ||    18
       Kite shield       |       |   148 |   234 ||   382
